 Dungeon Crawl Stone Soup version 0.29.0-4-gdea44cf6ec (webtiles) character file.

Game seed: 5922635144722740429

65 qw the Chopper (level 4, 0/26 HPs)
             Began as a Tengu Warper on Aug 28, 2022.
             Slain by a black bear (1 damage)
             ... on level 3 of the Dungeon.
             The game lasted 00:00:09 (2441 turns).

qw the Chopper (Tengu Warper)                       Turns: 2441, Time: 00:00:09

Health: 0/26       AC:  6    Str: 13    XL:     4   Next: 14%
Magic:  8/8        EV:  7    Int: 13    God:
Gold:   114        SH: 14    Dex: 14    Spells: 7/7 levels left

rFire   . . .      SeeInvis .   Y - +0 hand axe
rCold   . . .      Faith    .   e - +2 tower shield
rNeg    . . .      Spirit   .   l - +0 ring mail
rPois   .          Reflect  .   (helmet restricted)
rElec   .          Harm     .   m - +0 cloak
rCorr   .          Rampage  .   (no gloves)
Will    .....                   (boots unavailable)
Stlth   +.........              (no amulet)
HPRegen 0.08/turn               (no ring)
MPRegen 0.11/turn               (no ring)

@: no status effects
A: beak, talons 3
a: no special abilities


You were on level 3 of the Dungeon.
You visited 1 branch of the dungeon, and saw 3 of its levels.

You collected 114 gold pieces.


Innate Abilities, Weirdness & Mutations

You have a beak for a mouth.
You have claws for feet.


   Skills:
 - Level 2.0 Fighting
 - Level 3.3 Axes
 - Level 1.0 Throwing
 - Level 1.1 Armour
 - Level 2.1 Dodging
 + Level 2.8 Shields
 - Level 2.0 Spellcasting
 - Level 2.4 Translocations


You had 7 spell levels left.
You didn't know any spells.
Your spell library contained the following spells:

 Spells                   Type           Power      Damage    Failure   Level
 Blink                    Tloc           14%        N/A       99%         2
 Gell's Gravitas          Tloc           7%         N/A       100%        3
 Lesser Beckoning         Tloc           7%         N/A       100%        3
 Teleport Other           Tloc           7%         N/A       100%        3
 Manifold Assault         Tloc           7%         N/A       100%        5

Inventory:

Hand Weapons
 d - a +0 mace
 Y - a +0 hand axe (weapon)
Missiles
 c - 4 boomerangs (quivered)
Armour
 e - a +2 tower shield (worn)
 l - a +0 ring mail (worn)
 m - a +0 cloak (worn)
Scrolls
 h - a scroll of identify
Potions
 a - a potion of brilliance {unknown}
 b - a potion of degeneration {unknown}
 i - a potion of haste

Dungeon Overview and Level Annotations

Branches:
Dungeon (3/15)

Altars:


Message History

A black bear comes into view.
The black bear growls angrily.
Throw: 4 boomerangs
Press: ? - help, Q - select action Shift-Dir - straight line, f - black bear You throw a boomerang.
The boomerang hits the black bear.
The black bear is lightly wounded.
Throw: 4 boomerangs
Press: ? - help, Q - select action Shift-Dir - straight line, f/p - black bear You throw a boomerang.
The boomerang hits the black bear!
The black bear is heavily wounded.
Throw: 4 boomerangs
Press: ? - help, Q - select action Shift-Dir - straight line, f/p - black bear You throw a boomerang.
The boomerang hits the black bear.
The black bear is severely wounded.
You hit the black bear. You claw the black bear.
The black bear is almost dead.
You block the black bear's attack. The black bear claws you.
The black bear claws you but does no damage.
The black bear goes berserk!
You barely miss the black bear. You claw the black bear.
Your peck misses the black bear.
The black bear is almost dead.
The black bear barely misses you.
The black bear claws you but does no damage.
You block the black bear's attack. The black bear closely misses you.
You block the black bear's attack. The black bear completely misses you.
You hit the black bear.
The black bear is almost dead.
You block the black bear's attack. The black bear claws you.
The black bear claws you but does no damage.
The black bear bites you. You block the black bear's attack. x2
You barely miss the black bear.
The black bear is almost dead.
The black bear bites you! You block the black bear's attack. x2
The black bear bites you. The black bear claws you. x2
You closely miss the black bear. Your kick misses the black bear.
You peck the black bear, but do no damage.
The black bear is almost dead.
The black bear bites you.
You die...

... ... #.#
#.# #.# #.#
#h# #@# ##.##
##<..#########
#.#...<......#
##...##.####.#
##.###.# #.#
#.# #.# #.#
#.# #.#


You could see a black bear (berserk).

Vanquished Creatures
  4 adders
  A worm (D:2)
  A ball python (D:1)
  An endoplasm (D:2)
  A giant cockroach (D:2)
  A goblin (D:1)
  5 hobgoblins
  4 jackals (D:1)
  A quokka (D:2)
  2 bats (D:1)
  4 frilled lizards
  A kobold (D:1)
  2 rats
28 creatures vanquished.

Notes
Turn   | Place    | Note
-------+----------+-------------------------------------------
     0 | D:1      | qw the Tengu Warper began the quest for the Orb.
     0 | D:1      | Reached XP level 1. HP: 12/12 MP: 4/4
     0 | D:1      | 0 ||| qw: Version: 0.1-a-89-g26bdef1
     0 | D:1      | 0 ||| qw: Game counter: 871
     0 | D:1      | 0 ||| qw: Always use a shield: true
     0 | D:1      | 0 ||| qw: God list: Okawaru
     0 | D:1      | 0 ||| qw: Allow faded altars: false
     0 | D:1      | 0 ||| qw: Do Orc after D:15 true
     0 | D:1      | 0 ||| qw: Do second Lair branch before Depths: true
     0 | D:1      | 0 ||| qw: Lair rune preference: random
     0 | D:1      | 0 ||| qw: Plans: Normal
     0 | D:1      | 0 ||| PLANNING D:1-11
     7 | D:1      | 7 ||| Stepping ~*~*~tactically~*~*~ (stealth).
     8 | D:1      | 8 ||| Stepping ~*~*~tactically~*~*~ (stealth).
    21 | D:1      | Reached XP level 2. HP: 7/17 MP: 6/6
   297 | D:1      | Found a faded altar of an unknown god.
   330 | D:1      | Reached skill level 3 in Axes
   581 | D:1      | 581 ||| DROPPING +0 club.
  1190 | D:1      | 1190 ||| UPGRADING to +2 tower shield.
  1195 | D:1      | 1195 ||| UPGRADING to +0 ring mail.
  1205 | D:1      | 1205 ||| DROPPING +0 leather armour.
  1206 | D:1      | 1206 ||| UPGRADING to +0 cloak.
  1211 | D:1      | 1211 ||| READING scroll labelled NICODALUMI.
  1214 | D:1      | 1214 ||| READING 2 scrolls labelled CAS QEMIOJIDA.
  1215 | D:1      | 1215 ||| READING 3 scrolls labelled HOOVUE NODIHOEDUI.
  1216 | D:1      | 1216 ||| READING scroll labelled DELESIZYNU.
  1217 | D:1      | 1217 ||| DRINKING 2 lumpy grey potions.
  1218 | D:1      | 1218 ||| READING 2 scrolls of identify.
  1218 | D:1      | 1218 ||| IDENTIFYING bubbling white potion
  1219 | D:1      | 1219 ||| DROPPING scroll of blinking.
  1220 | D:1      | 1220 ||| DROPPING scroll of fog.
  1221 | D:1      | 1221 ||| DROPPING potion of attraction.
  1254 | D:2      | Reached skill level 1 in Shields
  1294 | D:2      | Reached XP level 3. HP: 21/21 MP: 7/7
  1422 | D:2      | 1422 ||| Stepping ~*~*~tactically~*~*~ (stealth).
  1426 | D:2      | 1426 ||| Stepping ~*~*~tactically~*~*~ (stealth).
  2246 | D:2      | 2246 ||| READING scroll labelled ZIQAIXT EHAEVO.
  2247 | D:2      | 2247 ||| DRINKING 2 fuming puce potions.
  2297 | D:2      | 2297 ||| DROPPING potion of lignification.
  2324 | D:3      | Reached XP level 4. HP: 21/26 MP: 8/8
  2324 | D:3      | 2324 ||| STAIRDANCE
  2433 | D:3      | Noticed a black bear
  2440 | D:3      | HP: 6/26 [black bear (3)]
  2440 | D:3      | HP: 1/26 [black bear (5)]
  2441 | D:3      | Slain by a black bear

Levels and vault maps discovered:
D:1:      giann_horns, layout_basic, ebering_ecumenical_altar_rust
D:2:      layout_loops_ring
D:3:      layout_loops_ring, nicolae_elyvilon_peaceful_grove,
          grunt_gozag_breadcrumbs

Skill      XL: |  1  2  3 |
---------------+----------+-----
Axes           | 3 |  3.3
Shields        | 1 2 |  2.8
Fighting       | |  2.0
Throwing       | |  1.0
Armour         | |  1.1
Dodging        | |  2.1
Spellcasting   | |  2.0
Translocations | |  2.4

Action                   |  1- 3 |  4- 6 || total
-------------------------+-------+-------++-------
Melee: Hand axe          |    79 |     5 ||    84
       Kick              |    21 |     2 ||    23
       Peck              |     6 |     1 ||     7
Throw: Boomerang         |    10 |     3 ||    13
  Use: Scroll            |     6 |       ||     6
       Potion            |     2 |       ||     2
Armor: Leather armour    |    10 |       ||    10
       Ring mail         |    17 |     3 ||    20
Dodge: Dodged            |    18 |     3 ||    21
Block: Tower shield      |    35 |     8 ||    43

Table legend:
 A = Non-vault XP
 B = Vault XP
 C = Vault XP percentage of total XP
 D = Non-vault monster count
 E = Vault monster count
 F = Vault count percentage of total count
                 A         B        C        D         E       F
            +---------+---------+-------+---------+---------+-------
      Total |      94 |       0 |   0.0 |      28 |       0 |   0.0
            +---------+---------+-------+---------+---------+-------
        D:1 |      20 |       0 |   0.0 |      13 |       0 |   0.0
        D:2 |      61 |       0 |   0.0 |      14 |       0 |   0.0
        D:3 |      13 |       0 |   0.0 |       1 |       0 |   0.0
            +---------+---------+-------+---------+---------+-------
